NCAA
PROVIDENCE FRIARS @ MISSOURI TIGERS
05/05/2028
 
TOP OF THE 1ST
Providence Friars batting - Pitching for Missouri Tigers : LHP Dan Castro
Pitching: LHP Dan Castro
Batting: LHB Brian Easdale 0-0: Called Strike
0-1: Swinging Strike
0-2: SINGLE (Line Drive, 78M)
Batting: SHB Esteban Aliaga 0-0: Called Strike
0-1: Ball
1-1: Ball
2-1: Ball
3-1: Base on Balls
Brian Easdale to second
Batting: RHB Miguel Sánchez 0-0: Ball
1-0: Called Strike
1-1: Reached on error, E5 (Groundball, 56S)
Brian Easdale scores
Esteban Aliaga to third
Batting: LHB Javier Morales 0-0: Foul Ball, location: 2F
0-1: Ball
1-1: SINGLE (Groundball, 3S) (infield hit)
Esteban Aliaga scores
Miguel Sánchez to third
Batting: RHB Gonzalo García 0-0: Fly out, F9 (Flyball, 9LSF)
Runner from 3rd tags up, SCORES, no throw
Batting: RHB Daniel Riddle 0-0: Ball
1-0: Called Strike
1-1: Grounds into double play, 4-6-3 (Groundball, 4M)
Top of the 1st over - 3 run(s), 2 hit(s), 1 error(s), 0 left on base; Providence 3 - Missouri 0
BOTTOM OF THE 1ST
Missouri Tigers batting - Pitching for Providence Friars : LHP Charlie Black
Pitching: LHP Charlie Black
Batting: LHB Joe Hanson 0-0: Called Strike
0-1: Ball
1-1: SINGLE (Groundball, 3) (infield hit)
Batting: SHB David Castaneda 0-0: Called Strike
0-1: Foul Ball, location: 2F
0-2: Foul Ball, location: 2F
0-2: Strikes out swinging
Batting: RHB Wesley Fuller 0-0: Ball
1-0: Called Strike
1-1: Foul Ball, location: 2F
1-2: Ball
2-2: Foul Ball, location: 2F
2-2: Ball
3-2: Strikes out swinging
Joe Hanson steals 2nd base
Batter strikes out.
Batting: RHB Beau McNeill 0-0: Ball
1-0: Ground out 5-3 (Groundball, 56)
Bottom of the 1st over - 0 run(s), 1 hit(s), 0 error(s), 1 left on base; Providence 3 - Missouri 0
TOP OF THE 2ND
Providence Friars batting - Pitching for Missouri Tigers : LHP Dan Castro
Batting: LHB Preston Hamilton 0-0: Swinging Strike
0-1: Called Strike
0-2: Strikes out looking
Batting: RHB Gustavo Todd 0-0: Reached on error, E5 (Groundball, 5S)
Batting: RHB Roger Tucker 0-0: Called Strike
0-1: Foul Ball, location: 2F
0-2: Foul Ball, location: 2F
0-2: Ball
1-2: Ground out 5-3 (Groundball, 56S)
Gustavo Todd to third
Batting: LHB Brian Easdale 0-0: Ball
1-0: Called Strike
1-1: Foul Ball, location: 2F
1-2: Ball
2-2: Strikes out swinging
Top of the 2nd over - 0 run(s), 0 hit(s), 1 error(s), 1 left on base; Providence 3 - Missouri 0
BOTTOM OF THE 2ND
Missouri Tigers batting - Pitching for Providence Friars : LHP Charlie Black
Batting: SHB Jim Flynn 0-0: Foul Ball, location: 2F
0-1: Ball
1-1: Called Strike
1-2: Ground out 5-3 (Groundball, 56)
Batting: LHB Joe Lowery 0-0: Called Strike
0-1: SOLO HOME RUN (Flyball, 78XD), Distance : 373 ft
Batting: RHB Raymond Kerr 0-0: Ball
1-0: Ball
2-0: Foul Ball, location: 2F
2-1: Ball
3-1: Base on Balls
Batting: RHB Jack Robinson 0-0: Called Strike
0-1: Ground out 4-3 (Groundball, 4S)
Raymond Kerr to second
Batting: RHB Broderick Banks 0-0: Ball
1-0: Swinging Strike
1-1: Ball
2-1: Ball
3-1: Ground out 6-3 (Groundball, 56D)
Bottom of the 2nd over - 1 run(s), 1 hit(s), 0 error(s), 1 left on base; Providence 3 - Missouri 1
TOP OF THE 3RD
Providence Friars batting - Pitching for Missouri Tigers : LHP Dan Castro
Batting: SHB Esteban Aliaga 0-0: Called Strike
0-1: Ball
1-1: Foul Ball, location: 2F
1-2: Ball
2-2: Fly out, F7 (Line Drive, 7)
Batting: RHB Miguel Sánchez 0-0: Foul Ball, location: 2F
0-1: Foul Ball, location: 2F
0-2: Ball
1-2: Ball
2-2: Ball
3-2: Foul Ball, location: 2F
3-2: Base on Balls
Batting: LHB Javier Morales 0-0: Ball
1-0: Ball
2-0: Foul Ball, location: 2F
2-1: Swinging Strike
2-2: 2-RUN HOME RUN (Flyball, 8RXD), Distance : 391 ft
Batting: RHB Gonzalo García 0-0: Ball
1-0: Called Strike
1-1: Called Strike
1-2: Ball
2-2: Ball
3-2: Foul Ball, location: 2F
3-2: Foul Ball, location: 2F
3-2: Foul Ball, location: 2F
3-2: Fly out, F9 (Flyball, 9LM)
Batting: RHB Daniel Riddle 0-0: Swinging Strike
0-1: Fly out, F9 (Flyball, 89S)
Top of the 3rd over - 2 run(s), 1 hit(s), 0 error(s), 0 left on base; Providence 5 - Missouri 1
BOTTOM OF THE 3RD
Missouri Tigers batting - Pitching for Providence Friars : LHP Charlie Black
Batting: LHB Joe Hanson 0-0: Swinging Strike
0-1: Ball
1-1: Swinging Strike
1-2: Ball
2-2: Ball
3-2: Strikes out swinging
Batting: SHB David Castaneda 0-0: Ball
1-0: Fly out, F9 (Line Drive, 9)
Batting: RHB Wesley Fuller 0-0: Foul Ball, location: 2F
0-1: Called Strike
0-2: Strikes out swinging
Bottom of the 3rd over - 0 run(s), 0 hit(s), 0 error(s), 0 left on base; Providence 5 - Missouri 1
TOP OF THE 4TH
Providence Friars batting - Pitching for Missouri Tigers : LHP Dan Castro
Batting: LHB Preston Hamilton 0-0: Ground out U3 (Groundball, 3)
Batting: RHB Gustavo Todd 0-0: Foul Ball, location: 2F
0-1: Ball
1-1: Ball
2-1: Swinging Strike
2-2: Foul Ball, location: 2F
2-2: Ball
3-2: Base on Balls
Batting: RHB Roger Tucker 0-0: Grounds into double play, 6-4-3 (Groundball, 6)
Top of the 4th over - 0 run(s), 0 hit(s), 0 error(s), 0 left on base; Providence 5 - Missouri 1
BOTTOM OF THE 4TH
Missouri Tigers batting - Pitching for Providence Friars : LHP Charlie Black
Batting: RHB Beau McNeill 0-0: Foul Ball, location: 2F
0-1: Swinging Strike
0-2: Ball
1-2: Ball
2-2: Strikes out swinging
Batting: SHB Jim Flynn 0-0: Ball
1-0: Called Strike
1-1: Ball
2-1: Foul Ball, location: 2F
2-2: Ball
3-2: Foul Ball, location: 2F
3-2: SINGLE (Flyball, 7LS)
Batting: LHB Joe Lowery 0-0: Foul Ball, location: 2F
0-1: Foul Ball, location: 2F
0-2: Ball
1-2: Ball
2-2: Ground out 4-3 (Groundball, 34)
Jim Flynn to second
Batting: RHB Raymond Kerr 0-0: Called Strike
0-1: Swinging Strike
0-2: 2-RUN HOME RUN (Flyball, 8RXD), Distance : 394 ft
Batting: RHB Jack Robinson 0-0: Ball
1-0: Ball
2-0: Ball
3-0: Called Strike
3-1: Called Strike
3-2: Strikes out swinging
Bottom of the 4th over - 2 run(s), 2 hit(s), 0 error(s), 0 left on base; Providence 5 - Missouri 3
TOP OF THE 5TH
Providence Friars batting - Pitching for Missouri Tigers : LHP Dan Castro
Pitching: RHP Júlio Cruz
Batting: LHB Brian Easdale 0-0: Ball
1-0: Ball
2-0: Foul Ball, location: 2F
2-1: Fly out, F7 (Flyball, 7S)
Batting: SHB Esteban Aliaga 0-0: Ball
1-0: Ball
2-0: Foul Ball, location: 2F
2-1: Swinging Strike
2-2: Strikes out swinging
Batting: RHB Miguel Sánchez 0-0: Swinging Strike
0-1: Foul Ball, location: 2F
0-2: Ball
1-2: Strikes out swinging
Top of the 5th over - 0 run(s), 0 hit(s), 0 error(s), 0 left on base; Providence 5 - Missouri 3
BOTTOM OF THE 5TH
Missouri Tigers batting - Pitching for Providence Friars : LHP Charlie Black
Batting: RHB Broderick Banks 0-0: Ball
1-0: Called Strike
1-1: Ground out 4-3 (Groundball, 4)
Batting: LHB Joe Hanson 0-0: Ball
1-0: Ground out 1-3 (Groundball, P)
Batting: SHB David Castaneda 0-0: Called Strike
0-1: Ball
1-1: Ground out 6-3 (Groundball, 6)
Bottom of the 5th over - 0 run(s), 0 hit(s), 0 error(s), 0 left on base; Providence 5 - Missouri 3
TOP OF THE 6TH
Providence Friars batting - Pitching for Missouri Tigers : RHP Júlio Cruz
Batting: LHB Javier Morales 0-0: Called Strike
0-1: Ball
1-1: Foul Ball, location: 2F
1-2: SINGLE (Line Drive, 9S)
Batting: RHB Gonzalo García 0-0: Ball
1-0: Fly out, F9 (Flyball, 89S)
Batting: RHB Daniel Riddle 0-0: Called Strike
0-1: Ball
1-1: Fly out, F8 (Flyball, 89S)
Batting: LHB Preston Hamilton 0-0: Swinging Strike
0-1: Called Strike
0-2: Strikes out looking
Top of the 6th over - 0 run(s), 1 hit(s), 0 error(s), 1 left on base; Providence 5 - Missouri 3
BOTTOM OF THE 6TH
Missouri Tigers batting - Pitching for Providence Friars : LHP Charlie Black
Batting: RHB Wesley Fuller 0-0: Ball
1-0: Foul Ball, location: 2F
1-1: Ball
2-1: Swinging Strike
2-2: Ball
3-2: Strikes out swinging
Pitching: RHP Will Anderson
Batting: RHB Beau McNeill 0-0: Foul Ball, location: 2F
0-1: Ball
1-1: Ball
2-1: Ground out 5-3 (Groundball, 56)
Batting: SHB Jim Flynn 0-0: Ball
1-0: Ball
2-0: Foul Ball, location: 2F
2-1: Foul Ball, location: 2F
2-2: Strikes out swinging
Bottom of the 6th over - 0 run(s), 0 hit(s), 0 error(s), 0 left on base; Providence 5 - Missouri 3
TOP OF THE 7TH
Providence Friars batting - Pitching for Missouri Tigers : RHP Júlio Cruz
Batting: RHB Gustavo Todd 0-0: Called Strike
0-1: Ball
1-1: Foul Ball, location: 2F
1-2: Fly out, F9 (Flyball, 9LM)
Batting: RHB Roger Tucker 0-0: Called Strike
0-1: Called Strike
0-2: Strikes out swinging
Batting: LHB Brian Easdale 0-0: Ball
1-0: Ball
2-0: Foul Ball, location: 2F
2-1: SINGLE (Line Drive, 6M)
Batting: SHB Esteban Aliaga 0-0: Called Strike
0-1: Ball
Wild Pitch!
Brian Easdale to second
1-1: Fly out, F9 (Flyball, 9)
Top of the 7th over - 0 run(s), 1 hit(s), 0 error(s), 1 left on base; Providence 5 - Missouri 3
BOTTOM OF THE 7TH
Missouri Tigers batting - Pitching for Providence Friars : RHP Will Anderson
Batting: LHB Joe Lowery 0-0: Foul Ball, location: 2F
0-1: Swinging Strike
0-2: Ball
1-2: Ball
2-2: Ball
3-2: Foul Ball, location: 2F
3-2: Fly out, F6 (Popup, 6M)
Batting: RHB Raymond Kerr 0-0: Ball
1-0: Ball
2-0: Called Strike
2-1: Ball
3-1: Fly out, F8 (Flyball, 8LM)
Batting: RHB Jack Robinson 0-0: Ball
1-0: Called Strike
1-1: Ball
2-1: Reached on error, E1 (Groundball, P)
Batting: RHB Broderick Banks 0-0: Ball
1-0: Ball
2-0: Fielders Choice at 2nd, 5-4 (Groundball, 5L)
Bottom of the 7th over - 0 run(s), 0 hit(s), 1 error(s), 0 left on base; Providence 5 - Missouri 3
TOP OF THE 8TH
Providence Friars batting - Pitching for Missouri Tigers : RHP Júlio Cruz
Batting: RHB Miguel Sánchez 0-0: SINGLE (Flyball, 9S)
Batting: LHB Javier Morales 0-0: Ball
1-0: Foul Ball, location: 2F
1-1: Foul Ball, location: 2F
1-2: Ball
2-2: Fly out, F9 (Flyball, 89D)
Batting: RHB Gonzalo García 0-0: SINGLE (Groundball, 6S) (infield hit)
Miguel Sánchez to second
Batting: RHB Daniel Riddle 0-0: Called Strike
0-1: Ball
Wild Pitch!
Miguel Sánchez to third
Gonzalo García to second
1-1: Intentional Walk
Pinch Hitting: RHB Héctor Cruz 0-0: Called Strike
0-1: Ball
1-1: Called Strike
1-2: Strikes out swinging
Pinch Hitting: RHB Nick Louviere 0-0: Ball
1-0: Swinging Strike
1-1: Foul Ball, location: 2F
1-2: Ball
2-2: Foul Ball, location: 2F
2-2: Ground out 6-3 (Groundball, 6S)
Top of the 8th over - 0 run(s), 2 hit(s), 0 error(s), 3 left on base; Providence 5 - Missouri 3
BOTTOM OF THE 8TH
Missouri Tigers batting - Pitching for Providence Friars : RHP Will Anderson
Now at 2B: Nick Louviere
Now in LF: Héctor Cruz
Batting: LHB Joe Hanson 0-0: Fly out, F9 (Flyball, 9LSF)
Batting: SHB David Castaneda 0-0: Fly out, F8 (Flyball, 8RS)
Batting: RHB Wesley Fuller 0-0: Ball
1-0: Swinging Strike
1-1: Fly out, F9 (Flyball, 9LSF)
Bottom of the 8th over - 0 run(s), 0 hit(s), 0 error(s), 0 left on base; Providence 5 - Missouri 3
TOP OF THE 9TH
Providence Friars batting - Pitching for Missouri Tigers : RHP Júlio Cruz
Pitching: LHP John Dunworth
Batting: RHB Roger Tucker 0-0: Ball
1-0: Ball
2-0: Ball
3-0: Called Strike
3-1: SINGLE (Flyball, 8RS)
Batting: LHB Brian Easdale 0-0: Ball
1-0: Bunted foul
1-1: Bunt missed!
1-2: Ball
2-2: Foul Ball, location: 2F
2-2: Ball
3-2: Ground out 4-3 (Groundball, 34)
Roger Tucker to second
Batting: SHB Esteban Aliaga 0-0: Ball
Wild Pitch!
Roger Tucker to third
1-0: Ball
2-0: Called Strike
2-1: Called Strike
2-2: Foul Ball, location: 2F
2-2: Strikes out swinging
Batting: RHB Miguel Sánchez 0-0: Foul Ball, location: 2F
0-1: Swinging Strike
0-2: Ball
1-2: Foul Ball, location: 2F
1-2: Foul Ball, location: 2F
1-2: Foul Ball, location: 2F
1-2: Foul Ball, location: 2F
1-2: Strikes out looking
Top of the 9th over - 0 run(s), 1 hit(s), 0 error(s), 1 left on base; Providence 5 - Missouri 3
BOTTOM OF THE 9TH
Missouri Tigers batting - Pitching for Providence Friars : RHP Will Anderson
Pitching: RHP Joe Canó
Batting: RHB Beau McNeill 0-0: Ball
1-0: Ball
2-0: Ball
3-0: Called Strike
3-1: Called Strike
3-2: Fly out, F9 (Flyball, 9LM)
Batting: SHB Jim Flynn 0-0: Ball
1-0: Reached on error, E4 (Groundball, 4)
Batting: LHB Joe Lowery 0-0: Ball
1-0: Ground out 6-3 (Groundball, 6)
Pinch Hitting: RHB Ron Gilbert 0-0: Ball
1-0: Foul Ball, location: 2F
1-1: Swinging Strike
1-2: Ball
2-2: Fly out, F6 (Line Drive, 6)
Bottom of the 9th over - 0 run(s), 0 hit(s), 1 error(s), 1 left on base; Providence 5 - Missouri 3
Tuesday, August 8th, 2017 - OOTP Baseball 17.12 Build 75